 Dungeon Crawl Stone Soup version 0.19-a0-1670-gc28a5d9 (webtiles) character file.

27 Kronon the Skirmisher (level 2, -2/23 HPs)
             Began as a Demonspawn Wanderer on Sept 21, 2016.
             Slain by a hobgoblin
             ... wielding a +0 whip
              (6 damage)
             ... on level 1 of the Dungeon.
             The game lasted 00:02:47 (1255 turns).

Kronon the Skirmisher (Demonspawn Wanderer)         Turns: 1255, Time: 00:02:48

Health: -2/23      AC:  2    Str: 12    XL:     2   Next: 93%
Magic:  3/3        EV: 11    Int: 11    God:
Gold:   33         SH:  0    Dex: 14    Spells: 1 memorised, 2 levels left

rFire  . . .     SeeInvis .     e - +0 dagger
rCold  . . .     Gourm    .     d - +0 robe
rNeg   . . .     Faith    .     (no shield)
rPois  .         Spirit   .     (no helmet)
rElec  .         Dismiss  .     (no cloak)
rCorr  .         Reflect  .     (no gloves)
MR     .....     Harm     .     (no boots)
Stlth  ++........               (no amulet)
                                (no ring)
                                (no ring)

@: no status effects
A: hooves 1
a: no special abilities


You were on level 1 of the Dungeon.
You were not hungry.

You visited 1 branch of the dungeon, and saw 1 of its levels.

You collected 33 gold pieces.

Inventory:

Hand Weapons
 e - a +0 dagger (weapon)
Armour
 d - a +0 robe (worn)
Scrolls
 i - a scroll of identify {unknown}
 j - a scroll of noise {unknown}
 k - 2 scrolls of recharging {unknown}
 l - a scroll of enchant weapon {unknown}
Potions
 c - a potion of lignification
Books
 a - a book of Battle

   Spells                             Type                      Level
   a - Infusion                       Charms                       1
   b - Shroud of Golubria             Charms/Translocation         2
   c - Song of Slaying                Charms                       2
   d - Spectral Weapon                Hexes/Charms                 3
   e - Regeneration                   Charms/Necromancy            3
 b - the Reference Book on Shape Shifting

   Spells                             Type                      Level
   a - Beastly Appendage              Transmutation                1
   b - Ignite Poison                  Fire/Transmutation/Poison    3
Comestibles
 f - 2 bread rations
 g - a slice of pizza
 h - 2 chunks of flesh


   Skills:
 + Level 2.9 Fighting
 - Level 1.7 Short Blades
 - Level 1.7 Stealth
 - Level 1.0 Spellcasting
 - Level 1.0 Charms
   Level 2.6 Earth Magic


You had 2 spell levels left.
You knew the following spells:

 Your Spells              Type           Power        Failure   Level  Hunger
a - Infusion              Chrm           #...         24%         1    ##.....


Dungeon Overview and Level Annotations

Branches:
Dungeon (1/15)

Altars:


Innate Abilities, Weirdness & Mutations

You have large cloven feet.


Message History

The hobgoblin hits you but does no damage.
You hit the hobgoblin but do no damage.
The hobgoblin is severely wounded.
The hobgoblin barely misses you.
You barely miss the hobgoblin.
You kick the hobgoblin, but do no damage.
The hobgoblin is severely wounded.
The hobgoblin hits you with a whip.
* * * LOW HITPOINT WARNING * * *
The hobgoblin completely misses you.
You hit the hobgoblin but do no damage.
The hobgoblin is severely wounded.
The hobgoblin closely misses you.
You closely miss the hobgoblin. Your kick misses the hobgoblin.
The hobgoblin is severely wounded.
The hobgoblin closely misses you.
You barely miss the hobgoblin. Your kick misses the hobgoblin.
The hobgoblin is severely wounded.
The hobgoblin closely misses you. The hobgoblin hits you with a whip.
You die...

#.# #.# #.##.# #...#
#.###..##.##.# #...#
#.........##.# #...#
#####..####.####...#
.........†÷..(......#
#######.####.###....#
...........#.#
#.#.###..
.......g>#.#.# #.#.#
#.. ######@##.#.# #.#.#
#.. #...........#
#.#.###..
#.###.......###.#.##...
#.........#...#.#.##...
#...#####.....#.#.#....
#...#...#..####.#.#.#..
#.. #...#......#......
##. #...#..##########÷.
#####..............


You could see a hobgoblin.

Vanquished Creatures
  An ooze (D:1)
  A dart slug (D:1)
  A bat (D:1)
  3 giant cockroaches (D:1)
  3 goblins (D:1)
  3 hobgoblins (D:1)
  2 frilled lizards (D:1)
  4 kobolds (D:1)
  A rat (D:1)
19 creatures vanquished.

Notes
Turn   | Place    | Note
-------+----------+-------------------------------------------
     0 | D:1      | Kronon the Demonspawn Wanderer began the quest for the Orb.
     0 | D:1      | Kronon set off with: a book of Battle, the Reference Book on Shape Shifting, a potion of lignification, a +0 robe, a +0 dagger, a bread ration
     0 | D:1      | Reached XP level 1. HP: 15/15 MP: 2/2
     0 | D:1      | Identified the Reference Book on Shape Shifting
   305 | D:1      | Learned a level 1 spell: Infusion
   351 | D:1      | Gained mutation: You have large cloven feet. [demonic ancestry]
   351 | D:1      | Reached XP level 2. HP: 12/22 MP: 3/3
  1255 | D:1      | Slain by a hobgoblin

Vault maps used:
D:1:      saegor_arrival_simple_b, minmay_distorted

Skill      XL: |  1 |
---------------+----+-----
Fighting       | 2 |  2.9
Short Blades   | |  1.7
Stealth        | |  1.7
Spellcasting   | |  1.0
Charms         | |  1.0
Earth Magic    | |  2.6

Action                   || total
-------------------------++-------
Melee: Dagger            ||   157
       Kick              ||    31
  Eat: Chunk             ||     1
Armor: Robe              ||    28
Dodge: Dodged            ||    89
